 Dungeon Crawl Stone Soup version 0.14.0-24-gfb45beb (webtiles) character file.

195 MDvedh the Cudgeler (level 5, -1/30 HPs)
             Began as a Gargoyle Healer on Apr 23, 2014.
             Was a Believer of Elyvilon.
             Killed by divine providence
             ... invoked by an orc priest
              (17 damage)
             ... on Level 3 of the Dungeon.
             The game lasted 00:04:20 (2981 turns).

MDvedh the Cudgeler (Gargoyle Healer)               Turns: 2981, Time: 00:04:20

HP  -1/30        AC 16     Str 16      XL: 5   Next: 19%
MP   8/8         EV  4     Int 13      God: Elyvilon [**....]
Gold 59          SH  0     Dex  9      Spells:  0 memorised,  4 levels left

rFire  . . .     SeeInvis .     o - +0 mace
rCold  . . .     Clarity  .     q - +2 plate armour
rNeg   + . .     Conserve .     (no shield)
rPois  +         rCorr    .     (no helmet)
rElec  +         rRot     +     (no cloak)
SustAb . .       Spirit   .     (no gloves)
rMut   .         Warding  .     (no boots)
Saprov . . .     Stasis   .     (no amulet)
MR     .....                    (no ring)
                                (no ring)

@: not resistant to hostile enchantments, extremely unstealthy
A: life protection 1, electricity resistance, unbreathing, petrification
resistance, AC +4
a: Lesser Healing, Lesser Self-Healing, Divine Protection, Purification,
Renounce Religion


You were on level 3 of the Dungeon.
You worshipped Elyvilon.
Elyvilon was pleased with you.
You were not hungry.

You visited 1 branch of the dungeon, and saw 3 of its levels.

You collected 59 gold pieces.

Inventory:

Hand weapons
 o - a +0,+0 mace (weapon)
Armour
 q - a +2 plate armour (worn)
Comestibles
 d - 4 bread rations
 j - an orange
 w - a rotting chunk of hound flesh
Scrolls
 a - a scroll of fog {unknown}
 c - a scroll of remove curse {unknown}
 e - 2 scrolls of blinking {unknown}
 h - 2 scrolls of amnesia {unknown}
 k - 2 scrolls of random uselessness {unknown}
 m - a scroll of enchant weapon II {unknown}
 p - 4 scrolls of identify {unknown}
 r - a scroll of magic mapping {unknown}
 s - a scroll of teleportation {unknown}
 v - a scroll of fear {unknown}
Potions
 b - 2 potions of curing
 f - 2 potions of lignification {unknown}
 g - a potion of cure mutation {unknown}
 i - a potion of poison {unknown}
 l - a potion of restore abilities {unknown}
 n - 2 potions of paralysis {unknown}


   Skills:
 - Level 2.2 Fighting
 + Level 4.6 Maces & Flails
 - Level 1.5 Dodging
 - Level 3.0 Invocations


You had 4 spell levels left.
You didn't know any spells.

Dungeon Overview and Level Annotations

Branches:
Dungeon (3/15)

Altars:
Fedhas
Makhleb
Xom


Innate Abilities, Weirdness & Mutations

You are resistant to torment.
You are immune to poison.
You are immune to rotting.
Your stone body is very resilient (AC +4).
You resist negative energy.
You are resistant to electric shocks.
You can survive without breathing.
You are immune to petrification.


Message History

The orc priest's eyes start to glow.
Your plate armour prevents you from hitting the orc priest.
The orc priest is heavily wounded.
The orc hits you but does no damage. The orc priest hits you with a dagger.
The orc hits you but does no damage.
You closely miss the orc priest.
The orc priest is heavily wounded.
The orc hits you but does no damage. The orc priest barely misses you.
The orc hits you with a hand axe. The orc completely misses you.
Your plate armour prevents you from hitting the orc priest.
The orc priest is heavily wounded.
The orc priest hits you but does no damage.
The orc barely misses you.
The orc hits you from afar with a trident.
You hit the orc priest.
The orc priest is severely wounded.
The orc priest calls down the wrath of Beogh upon you.
Something smites you!
Ouch! That really hurt!
You die...

#.####... .......##
#....... .. #......#.
...##......#..
.......o..# ..
#...oog# ..
####@####.#
#.......#.#
#.##.##.#.# #
#.##.#.###.#.# #.
#.#..........#
##.##.#..####..#######
.........####..##.....
####...........##.####
#....#####.###....#


You could see an orc priest, 2 orcs and a goblin.

Vanquished Creatures
  A hound (D:3)
  An orc wizard (D:3)
  An adder (D:3)
  A giant mite (D:2)
  A giant gecko (D:3)
  6 orcs (D:3)
  6 bats
  2 giant cockroaches (D:1)
  10 hobgoblins
  8 kobolds
  2 giant newts
  5 goblins
  4 jackals (D:1)
  5 rats
53 creatures vanquished.

Notes
Turn   | Place    | Note
--------------------------------------------------------------
     0 | D:1      | MDvedh, the Gargoyle Healer, began the quest for the Orb.
     0 | D:1      | Reached XP level 1. HP: 12/12 MP: 2/2
   552 | D:1      | Reached XP level 2. HP: 17/17 MP: 3/3
   749 | D:1      | Found a shimmering altar of Xom.
   767 | D:1      | Reached skill level 1 in Maces & Flails
  1357 | D:1      | Reached XP level 3. HP: 18/21 MP: 5/5
  1913 | D:2      | Found a blossoming altar of Fedhas.
  2381 | D:3      | Reached XP level 4. HP: 12/26 MP: 4/6
  2638 | D:3      | Found a burning altar of Makhleb.
  2656 | D:3      | Reached skill level 4 in Maces & Flails
  2656 | D:3      | Reached XP level 5. HP: 17/30 MP: 6/8
  2981 | D:3      | Killed from afar by an orc priest

Action                   |  1- 3 |  4- 6 || total
-------------------------+-------+-------++-------
Melee: Unarmed           |   108 |       ||   108
       Club              |   156 |       ||   156
       Mace              |    73 |   108 ||   181
Invok: Lesser Self-Heali |     3 |     1 ||     4
  Use: Potion            |     1 |       ||     1
